 Dungeon Crawl Stone Soup version 0.31.0-11-ge490571c62 (webtiles) character file.

Game seed: 4834637742673279206

3355 ezpacito the Cleaver (level 9, -8/103 HPs)
             Began as a Demonspawn Berserker on Jan 30, 2024.
             Was an Elder of Trog.
             Mangled by an orc warrior
             ... wielding a +0 halberd
              (20 damage)
             ... in a bailey.
             The game lasted 00:10:48 (5523 turns).

ezpacito the Cleaver (Demonspawn Berserker)         Turns: 5523, Time: 00:10:48

Health: -8/103     AC: 19    Str: 20    XL:     9   Next: 73%
Magic:  9/9        EV: 12    Int:  7    God:    Trog [****..]
Gold:   402        SH:  5    Dex: 17    Spells: 8/8 levels left

rFire   . . .        n - +1 hand axe of the Immovable Xalams {freeze, rN+ Dex+2}
rCold   . . .        (no shield)
rNeg    + . .        m - +4 ring mail
rPois   +            B - +0 helmet
rElec   .            a - scarf {harm}
rCorr   .            b - +0 pair of gloves
SInv    .            D - +0 pair of boots
Will    .....        H - amulet of reflection
Stlth   x              - ring of poison resistance
HPRegen 0.37/turn    l - +4 ring of protection
MPRegen 0.22/turn

%: harm (+30% outgoing, +20% incoming), reflection
@: berserking (expiring), very quick
A: demonic guardian 1, magic regeneration, sharp scales 2, weakness stinger 2
a: Renounce Religion, Berserk, Trog's Hand, Brothers in Arms


You were in a bailey.
You worshipped Trog.
Trog was greatly pleased with you.
You visited 2 branches of the dungeon, and saw 8 of its levels.
You also visited: Bailey.

You collected 402 gold pieces.

Inventory:

Hand Weapons
 n - the +1 hand axe of the Immovable Xalams (weapon) {freeze, rN+ Dex+2}
   (You found it on level 3 of the Dungeon)

   Dex+2:     It affects your dexterity (+2).
   rN+:       It protects you from negative energy.
 s - a +2 quarterstaff of chaos
 u - a +0 war axe
Missiles
 e - 9 boomerangs (quivered)
 f - 56 stones
 k - 16 poisoned darts
Armour
 a - a scarf of harm (worn)
 b - a +0 pair of gloves (worn)
 m - a +4 ring mail (worn)
 p - a +0 chain mail
 t - a +0 cloak
 B - a +0 helmet (worn)
 D - a +0 pair of boots (worn)
 G - a +0 plate armour
Jewellery
 j - a ring of magical power
 l - a +4 ring of protection (right hand)
 o - an amulet of magic regeneration
 v - a ring of resist corrosion
 x - a ring of poison resistance (left hand)
 H - an amulet of reflection (around neck)
Talismans
 r - a beast talisman
 E - a blade talisman
Wands
 A - a wand of polymorph (2)
 I - a wand of roots (9)
Scrolls
 d - a scroll of vulnerability
 i - a scroll of revelation
 y - 2 scrolls of noise
Potions
 c - a potion of lignification {unknown}
 g - 2 potions of curing {unknown}
 h - 2 potions of attraction
 q - a potion of haste {unknown}
 w - 2 potions of enlightenment {unknown}
 z - a potion of brilliance {unknown}
 C - a potion of mutation {unknown}


   Skills:
 * Level 6.0 Fighting
 * Level 9.0 Axes
 * Level 4.6 Armour
 + Level 3.2 Dodging
 * Level 4.2 Stealth
 + Level 1.1 Shields
 * Level 4.2 Unarmed Combat


You had 8 spell levels left.
You didn't know any spells.
Your spell library contained the following spells:

 Spells                   Type           Power      Damage    Failure   Level
 Apportation              Tloc           0%         N/A       58%         1
 Kiss of Death            Conj/Necr      0%         2d5       58%         1
 Necrotise                Necr           0%         1d4       58%         1
 Sting                    Conj/Alch      0%         1d3       58%         1
 Summon Small Mammal      Summ           0%         N/A       58%         1
 Blink                    Tloc           0%         N/A       75%         2
 Lesser Beckoning         Tloc           0%         N/A       75%         2
 Momentum Strike          Conj/Tloc      0%         3d8       75%         2
 Call Canine Familiar     Summ           0%         N/A       92%         3
 Confusing Touch          Hex            0%         N/A       92%         3
 Dispel Undead            Necr           0%         3d6       100%        4
 Summon Blazeheart Golem  Fire/Summ      0%         N/A       100%        4


Dungeon Overview and Level Annotations

Branches:
Dungeon (7/15)             Temple (1/1) D:5          Bailey (1/1)

Altars:
Ashenzari
Fedhas
Gozag
Hepliaklqana
Kikubaaqudgha
Makhleb
Nemelex Xobeh
Qazlal
Ru
Sif Muna
Trog
Uskayaw
Vehumet
Wu Jian
Yredelemnul

Annotations:
Bailey 2 runed translucent doors


Innate Abilities, Weirdness & Mutations

A weak demonic guardian rushes to your aid.
You regenerate magic rapidly.
You are mostly covered in razor-sharp scales. (AC +2, Slay +2)
You have a tail ending in a sharp stinger.


Message History

Unknown command.
You closely miss the orc knight.
The orc knight is lightly wounded.
You completely miss the orc warrior.
You hit the orc warrior but do no damage.
The orc warrior hits you but does no damage.
The orc knight completely misses you.
The orc warrior hits you with a +0 halberd!!
The orc hits you from afar with a +0 halberd.
You hit the orc knight. You freeze the orc knight.
The orc knight is lightly wounded.
You hit the orc warrior. You freeze the orc warrior. You hit the orc warrior.
You freeze the orc warrior. You closely miss the orc knight.
You tail-slap the orc knight, but do no damage.
The orc knight is lightly wounded.
You closely miss the orc warrior. You hit the orc warrior.
You freeze the orc warrior. The orc warrior barely misses you.
The orc barely misses you.
The orc warrior hits you with a +0 halberd!
The orc hits you from afar with a +0 halberd!
Unknown command.
You hit the orc. You freeze the orc.
You kill the orc!
Trog accepts your kill.
You hit the orc knight. You freeze the orc knight. You hit the orc warrior.
You freeze the orc warrior. You completely miss the orc.
The orc warrior closely misses you. The orc barely misses you.
The orc misses you. The orc knight completely misses you.
The orc warrior hits you with a +0 halberd!
* * * LOW HITPOINT WARNING * * *
The orc warrior attacks as it pursues you!
You block the orc warrior's attack. The orc hits you but does no damage.
The orc closely misses you. The orc hits you with a +3 trident!
* * * LOW HITPOINT WARNING * * *
A demonic guardian appears!
The orc knight hits you from afar with a +0 trident.
* * * LOW HITPOINT WARNING * * *
The orc warrior hits you with a +0 halberd!
You die...

#....).........#
##...8..).8...##
#..########..#
#..##!!$?##..#
#..#}$[::?#..#
#..# #..#..#
#..#. #..#oo#
#..#......#5o#
#....##@o# ##++#
#o.# 8... o..#
..o. o.... ###
####.$# ###


You could see an orc knight, 2 orc warriors, 4 orcs and a friendly iron imp
(summoned).

Vanquished Creatures
  Grinder (D:4)
  Sigmund (D:6)
  Eustachio (D:4)
  Duvessa (D:4)
  4 orc warriors
  4 black bears (D:6)
  2 ice beasts (D:6)
  4 ogres
  A phantom (D:5)
  A centaur (D:6)
  Blork the orc (D:4)
  4 scorpions
  Dowan (D:4)
  4 bombardier beetles
  A bullfrog zombie (D:5)
  A centaur zombie (D:5)
  2 hounds
  An orc priest (D:4)
  Crazy Yiuf (D:3)
  A jelly (D:5)
  2 sleepcaps
  4 iguanas
  Natasha (thrice) (D:3)
  3 scorpion zombies (D:5)
  4 orc wizards
  Robin (D:4)
  6 adders
  4 shadow imps
  A white imp (D:6)
  An adder zombie (D:5)
  3 dart slugs
  2 ribbon worms
  20 orcs
  6 ball pythons
  4 endoplasms
  6 giant cockroaches
  22 goblins
  9 hobgoblins
  6 jackals
  7 kobolds
  3 quokkas
  4 bats
  4 frilled lizards (D:1)
  5 rats
167 creatures vanquished.

Vanquished Creatures (collateral kills)
  A ball python (D:1)
1 creature vanquished.

Grand Total: 168 creatures vanquished

Notes
Turn   | Place    | Note
-------+----------+-------------------------------------------
     0 | D:1      | ezpacito the Demonspawn Berserker began the quest for the
                  | Orb.
     0 | D:1      | Reached XP level 1. HP: 18/18 MP: 1/1
   206 | D:1      | Gained mutation: A weak demonic guardian rushes to your
                  | aid. [demonic ancestry]
   206 | D:1      | Reached XP level 2. HP: 22/24 MP: 2/2
   373 | D:1      | Reached ** piety under Trog
   539 | D:1      | Gained mutation: You are partially covered in razor-sharp
                  | scales. (AC +1, Slay +1) [demonic ancestry]
   539 | D:1      | Reached XP level 3. HP: 26/29 MP: 3/3
   573 | D:1      | Reached skill level 3 in Axes
  1677 | D:3      | Reached skill level 1 in Stealth
  1705 | D:3      | Identified the +1 hand axe of the Immovable Xalams {freeze,
                  | rN+ Dex+2}
  1720 | D:3      | Found a sacrificial altar of Ru.
  1721 | D:3      | Found a bloodstained altar of Trog.
  1794 | D:3      | Found a runed translucent door.
  1795 | D:3      | Noticed Crazy Yiuf
  1855 | D:3      | Reached XP level 4. HP: 34/36 MP: 4/4
  1996 | D:3      | Reached *** piety under Trog
  2022 | D:3      | Noticed Natasha
  2025 | D:3      | Reached skill level 1 in Unarmed Combat
  2036 | D:3      | Killed Natasha
  2037 | D:3      | Gained mutation: You have a small tail. [demonic ancestry]
  2037 | D:3      | Reached XP level 5. HP: 39/42 MP: 5/5
  2341 | D:3      | Killed Crazy Yiuf
  2342 | D:3      | Reached skill level 4 in Axes
  2408 | D:3      | Noticed Natasha
  2437 | D:3      | Killed Natasha
  2514 | D:3      | Noticed Natasha
  2520 | D:3      | Killed Natasha
  2547 | D:4      | Noticed Eustachio
  2555 | D:4      | Gained mutation: You are mostly covered in razor-sharp
                  | scales. (AC +2, Slay +2) [demonic ancestry]
  2555 | D:4      | Reached XP level 6. HP: 39/48 MP: 6/6
  2588 | D:4      | Killed Eustachio
  2602 | D:4      | Noticed Dowan
  2602 | D:4      | Noticed Duvessa
  2614 | D:4      | Killed Duvessa
  2615 | D:4      | Reached skill level 5 in Axes
  2617 | D:4      | Killed Dowan
  2618 | D:4      | Gained mutation: You have a tail ending in a sharp stinger.
                  | [demonic ancestry]
  2618 | D:4      | Reached XP level 7. HP: 45/55 MP: 7/7
  2778 | D:4      | Noticed Grinder
  2789 | D:4      | Killed Grinder
  3118 | D:4      | Reached skill level 6 in Axes
  3119 | D:4      | Gained mutation: You regenerate magic rapidly. [demonic
                  | ancestry]
  3119 | D:4      | Reached XP level 8. HP: 56/61 MP: 8/8
  3307 | D:4      | Noticed Blork the orc
  3321 | D:4      | Killed Blork the orc
  3722 | D:4      | Noticed Robin
  3726 | D:4      | Reached **** piety under Trog
  3732 | D:4      | Killed Robin
  3825 | D:5      | Entered Level 5 of the Dungeon
  3853 | D:5      | Reached skill level 5 in Fighting
  3902 | D:5      | Found a broken altar of Ashenzari.
  4015 | D:5      | Found a staircase to the Ecumenical Temple.
  4074 | Temple   | Entered the Ecumenical Temple
  4232 | D:5      | Reached skill level 7 in Axes
  4255 | D:5      | Found a basalt altar of Yredelemnul.
  4473 | D:5      | Found a sparkling altar of Nemelex Xobeh.
  4643 | D:6      | Reached XP level 9. HP: 68/68 MP: 9/9
  4728 | D:6      | Reached skill level 8 in Axes
  4833 | D:6      | Noticed Sigmund
  4842 | D:6      | Killed Sigmund
  5257 | D:7      | Found a flagged portal.
  5278 | Bailey   | Entered a bailey
  5302 | Bailey   | Reached skill level 1 in Shields
  5449 | Bailey   | Reached skill level 9 in Axes
  5510 | Bailey   | Found a large runed translucent door.
  5510 | Bailey   | Found a large runed translucent door.
  5511 | Bailey   | Noticed a deep elf pyromancer
  5511 | Bailey   | Noticed an orc knight
  5523 | Bailey   | Mangled by an orc warrior

Illustrated notes

Levels and vault maps discovered:
D:1:      dpeg_arrival_tiny_a, layout_basic, chequers_serial_rivers_micro_b,
          minivault_14, item_on_display_a
D:2:      layout_rooms
D:3:      layout_basic, mainiacjoe_overflow_catwalk_spiral, uniq_natasha,
          uniq_crazy_yiuf_cottage
D:4:      kennysheep_goblin_castle, layout_loops_ring, uniq_blork_the_orc,
          uniq_duvessa, uniq_eustachio, uniq_grinder
D:5:      layout_loops_ring, cheibrodos_ashenzari_chains,
          nemelex_xobeh_ov_fountains_minmay, nicolae_yredelemnul_corpse_copse,
          minmay_temple_entry_mini_moons
D:6:      layout_rooms, uniq_sigmund
D:7:      layout_layer_cave, mainiacjoe_overflow_chevrons, enter_bailey_5,
          serial_bayou_crossing
Temple:   minmay_temple_curvy_loop
Bailey:   bailey_polearm_elven_captive_hellmonk, bailey

Skill      XL: |  1  2  3  4  5  6  7  8  9 |
---------------+----------------------------+-----
Dodging        | 2 3 |  3.2
Axes           | 3 4 5 6 7 9 |  9.0
Armour         | 2 3 4 |  4.6
Stealth        | 1 2 3 4 |  4.2
Unarmed Combat | 1 2 3 4 |  4.2
Fighting       | 4 5 6 |  6.0
Shields        | 1 |  1.1

Action                     |  1- 3 |  4- 6 |  7- 9 || total
---------------------------+-------+-------+-------++-------
  Melee: Hand axe          |   146 |   100 |   277 ||   523
         Tailslap          |       |     7 |    54 ||    61
         Punch             |       |       |     8 ||     8
 Invoke: Berserk           |       |     1 |     5 ||     6
    Use: Potion            |       |       |     1 ||     1
         Scroll            |       |       |     9 ||     9
   Stab: Sleeping          |     2 |       |     3 ||     5
 Armour: Animal skin       |    44 |       |       ||    44
         Ring mail         |    37 |   102 |   151 ||   290
         Leather armour    |     9 |       |       ||     9
         Scale mail        |       |     2 |       ||     2
  Dodge: Dodged            |   102 |   104 |   138 ||   344
  Block: Other             |       |       |    39 ||    39
         Reflection        |       |       |     4 ||     4
